 Dungeon Crawl Stone Soup version 0.29.0-7-g18a832c13a (webtiles) character file.

Game seed: 12644418430941606563

1491593 Charly the Slayer (level 26, 245/245 HPs)
             Began as a Palentonga Venom Mage on Aug 31, 2022.
             Was a Follower of Uskayaw.
             Escaped with the Orb
             ... and 3 runes on Sept 1, 2022!
             The game lasted 03:51:21 (88193 turns).

Charly the Slayer (Palentonga Venom Mage)          Turns: 88193, Time: 03:51:22

Health: 245/245    AC: 46    Str: 31    XL:     26   Next: 29%
Magic:  37/37      EV:  5    Int: 16    God:    Uskayaw [*.....]
Gold:   1326       SH: 25    Dex: 11    Spells: 27/29 levels left

rFire   + + .      SeeInvis +   a - +9 broad axe "Spiderbane" {flame, rElec}
rCold   + + +      Faith    +   z - +5 tower shield {rC+}
rNeg    . . .      Spirit   .   B - +8 gold dragon scales
rPois   +          Reflect  .   k - +2 helmet
rElec   +          Harm     .   M - +2 cloak {Will+}
rCorr   .          Rampage  .   w - +0 pair of gloves
Will    ++...                   g - +4 barding {Fly}
Stlth   ..........              E - amulet of faith
HPRegen 0.50/turn               f - ring "Ponuxid" {rF+ Str+6}
MPRegen 0.25/turn               c - ring of Neurosis {rC+ Str+2 Slay+2}

@: flying, hasted, studying 3 skills, very quick
A: large, rugged brown scales 3, see invisible, deformed body, roll 1, armoured
tail, reflexive curl, thin skeletal structure 1, clumsy 2, screaming 1
0: Orb of Zot
}: 3/15 runes: barnacled, silver, gossamer
a: Rolling Charge, Renounce Religion, Stomp


You escaped.
You worshipped Uskayaw.
Uskayaw was greatly pleased with you.
You visited 9 branches of the dungeon, and saw 45 of its levels.
You also visited: Ice Cave and Wizlab.

You collected 5245 gold pieces.
You spent 3919 gold pieces at shops.

Inventory:

Hand Weapons
 a - the +9 broad axe "Spiderbane" (weapon) {flame, rElec}
   (You acquired it on level 1 of the Vaults)

   It burns those it strikes, dealing additional fire damage.
   Big, fiery blades are also staple armaments of hydra-hunters.
   rElec:     It insulates you from electricity.
 b - a +6 broad axe of draining
Missiles
 h - 4 throwing nets
Armour
 g - a +4 barding of flying (worn)
 k - a +2 helmet (worn)
 w - a +0 pair of gloves (worn)
 z - a +5 tower shield of cold resistance (worn)
 B - +8 gold dragon scales (worn)
 I - the +2 pair of gloves of the Gate {rC+++ Will- Str+2}
   (You found it on level 7 of the Dungeon)

   Str:       It affects your strength (+2).
   rC:        It renders you almost immune to cold.
   Will:      It decreases your willpower.
 M - a +2 cloak of willpower (worn)
 X - a scarf of resistance
Jewellery
 c - the ring of Neurosis (right hand) {rC+ Str+2 Slay+2}
   (You took it off an ironbound convoker on level 5 of the Vaults)

   [ring of protection from cold]

   Str:       It affects your strength (+2).
   Slay:      It affects your accuracy & damage with ranged weapons and melee
   (+2).
   rC:        It protects you from cold.
 f - the ring "Ponuxid" (left hand) {rF+ Str+6}
   (You took it off a frost giant on level 5 of the Vaults)

   [ring of strength]

   Str:       It affects your strength (+6).
   rF:        It protects you from fire.
 m - a ring of willpower
 n - the ring "Ofimo" {rN+ Str+4}
   (You bought it in a shop on level 10 of the Dungeon)

   [ring of positive energy]

   Str:       It affects your strength (+4).
   rN:        It protects you from negative energy.
 C - a ring of resist corrosion
 E - an amulet of faith (around neck)
Wands
 H - a wand of acid (20)
 K - a wand of digging (5)
 R - a wand of iceblast (26)
Scrolls
 d - 6 scrolls of poison
 p - a scroll of silence
 s - 7 scrolls of blinking
 t - 13 scrolls of teleportation
 y - 2 scrolls of summoning
 A - 3 scrolls of vulnerability
 D - 5 scrolls of fog
 P - 3 scrolls of fear
 W - a scroll of magic mapping
 Z - 7 scrolls of immolation
Potions
 j - 8 potions of attraction
 l - 5 potions of cancellation
 o - 8 potions of heal wounds
 u - 4 potions of magic
 v - 6 potions of lignification
 x - 2 potions of might
 G - 12 potions of mutation
 Q - 3 potions of invisibility
 T - 19 potions of ambrosia
 U - 24 potions of curing
 V - a potion of berserk rage
 Y - 8 potions of flight
Miscellaneous
 e - a lightning rod (4/4)
 i - a box of beasts
 q - a condenser vane
 L - a phantom mirror
 N - a phial of floods


   Skills:
 + Level 23.2 Fighting
 - Level 18.0 Axes
 - Level 2.0 Throwing
 + Level 17.3 Armour
 - Level 11.0 Dodging
 - Level 1.2 Stealth
 + Level 20.3 Shields
 - Level 2.0 Spellcasting
 - Level 1.0 Transmutations
 - Level 3.0 Poison Magic
 - Level 20.0 Invocations
 - Level 9.0 Evocations


You had 27 spell levels left.
You knew the following spells:

 Your Spells              Type           Power      Damage    Failure   Level
z - Poisonous Vapours     Pois/Air       12%        N/A       98%         2

Your spell library contained the following spells:

 Spells                   Type           Power      Damage    Failure   Level
 Sting                    Tmut/Pois      32%        1d4       88%         1
 Beastly Appendage        Tmut           8%         N/A       95%         1
 Apportation              Tloc           2%         N/A       99%         1
 Magic Dart               Conj           4%         1d3       99%         1
 Necrotise                Necr           4%         1d4       99%         1
 Shock                    Conj/Air       4%         1d3       99%         1
 Blink                    Tloc           2%         N/A       99%         2
 Ensorcelled Hibernation  Hex/Ice        2%         N/A       99%         2
 Scorch                   Fire           2%         2d5       99%         2
 Searing Ray              Conj           2%         2d4       99%         2
 Wereblood                Tmut           4%         N/A       99%         2
 Spider Form              Tmut/Pois      8%         N/A       99%         3
 Call Canine Familiar     Summ           1%         N/A       100%        3
 Conjure Flame            Conj/Fire      1%         6-21      100%        3
 Gell's Gravitas          Tloc           1%         N/A       100%        3
 Ignite Poison            Fire/Tmut/Pois 5%         N/A       100%        3
 Lesser Beckoning         Tloc           1%         N/A       100%        3
 Mephitic Cloud           Conj/Pois/Air  4%         N/A       100%        3
 Ozocubu's Armour         Ice            1%         N/A       100%        3
 Portal Projectile        Hex/Tloc       2%         N/A       100%        3
 Stone Arrow              Conj/Erth      2%         3d7       100%        3
 Summon Guardian Golem    Hex/Summ       1%         N/A       100%        3
 Teleport Other           Tloc           1%         N/A       100%        3
 Tukima's Dance           Hex            1%         N/A       100%        3
 Vampiric Draining        Necr           1%         2d6       100%        3
 Airstrike                Air            0%         2d(1-17)  100%        4
 Anguish                  Hex/Necr       0%         N/A       100%        4
 Animate Armour           Summ/Erth      2%         N/A       100%        4
 Animate Dead             Necr           1%         N/A       100%        4
 Cause Fear               Hex            0%         N/A       100%        4
 Corpse Rot               Necr/Pois/Air  4%         N/A       100%        4
 Flame Wave               Conj/Fire      1%         2d4       100%        4
 Fulminant Prism          Conj/Hex       0%         3d6       100%        4
 Hailstorm                Conj/Ice       1%         3d3       100%        4
 Iskenderun's Mystic Bla  Conj/Tloc      1%         2d3       100%        4
 Leda's Liquefaction      Hex/Erth       0%         N/A       100%        4
 Olgreb's Toxic Radiance  Pois           11%        N/A       100%        4
 Summon Lightning Spire   Summ/Air       1%         N/A       100%        4
 Alistair's Intoxication  Tmut/Pois      5%         N/A       100%        5
 Blade Hands              Tmut           2%         N/A       100%        5
 Fireball                 Conj/Fire      0%         3d3       100%        5
 Freezing Cloud           Conj/Ice/Air   0%         6-21      100%        5
 Irradiate                Conj/Tmut      1%         3d12      100%        5
 Iskenderun's Battlesphe  Conj           1%         2d6       100%        5
 Lee's Rapid Deconstruct  Erth           0%         3d5*      100%        5
 Manifold Assault         Tloc           1%         N/A       100%        5
 Metabolic Englaciation   Hex/Ice        0%         N/A       100%        5
 Iron Shot                Conj/Erth      0%         9d1       100%        6
 Simulacrum               Ice/Necr       0%         N/A       100%        6
 Starburst                Conj/Fire      0%         6d3       100%        6
 Statue Form              Tmut/Erth      2%         N/A       100%        6
 Summon Cactus Giant      Summ           0%         N/A       100%        6
 Dragon Form              Tmut           2%         N/A       100%        7
 Enfeeble                 Hex            0%         N/A       100%        7
 Haunt                    Necr/Summ      0%         N/A       100%        7
 Malign Gateway           Summ/Tloc      0%         N/A       100%        7
 Orb of Destruction       Conj           0%         9d5       100%        7
 Ozocubu's Refrigeration  Ice            0%         4d7       100%        7
 Spellforged Servitor     Conj/Summ      0%         N/A       100%        7
 Storm Form               Tmut/Air       1%         N/A       100%        7
 Disjunction              Tloc           0%         N/A       100%        8
 Ignition                 Fire           0%         3d3       100%        8
 Infestation              Necr           0%         N/A       100%        8
 Lehudib's Crystal Spear  Conj/Erth      0%         10d2      100%        8
 Maxwell's Capacitive Co  Air            0%         ∞         100%        8
 Necromutation            Tmut/Necr      1%         N/A       100%        8
 Summon Horrible Things   Summ           0%         N/A       100%        8
 Fire Storm               Conj/Fire      0%         6d1       100%        9


Dungeon Overview and Level Annotations

Branches:
Dungeon (15/15)            Temple (1/1) D:7            Lair (5/5) D:10
 Shoals (4/4) Lair:2       Spider (4/4) Lair:2        Slime (0/5) Lair:4
    Orc (2/2) D:11            Elf (0/3) Orc:2        Vaults (5/5) D:14
  Crypt (0/3) Vaults:3     Depths (4/4) D:15            Zot (5/5) Depths:4
  IceCv (visited)          WizLab (visited)

Altars:
Ashenzari
Cheibriados
Dithmenos
Elyvilon
Fedhas
Gozag
Hepliaklqana
Kikubaaqudgha
Makhleb
Nemelex Xobeh
Okawaru
Qazlal
Ru
Sif Muna
Trog
Uskayaw
Vehumet
Wu Jian
Xom
Yredelemnul
Zin
The Shining One
Jiyva

Shops:
D:2 *   D:6 *   D:8 :   D:10 *   D:15 [   Orc:2 :([(   Shoals:1 *   Shoals:4 :
Vaults:2 ((   Vaults:5 ?   Depths:3 *

Portals:
Hell: Depths:1 Depths:2 Depths:3 Depths:4
Abyss: Depths:1 Depths:3
Pandemonium: Depths:2
Ziggurat: Depths:4

Annotations:
D:7 1 runed translucent door, Crazy Yiuf
Lair:3 exclusion: oklob plant
Shoals:1 Louise
Depths:4 Margery
Zot:3 4 transporters
Zot:4 exclusion: door


Innate Abilities, Weirdness & Mutations

You are completely covered in rugged brown scales. (AC +3, +7% HP)
You have supernaturally acute eyesight. (SInv)
Armour fits poorly on your strangely shaped body.
You can roll at nearby foes to attack.
You have a long armoured tail.
You curl defensively after being hit. (AC +7*)
You have a somewhat thin skeletal structure. (Dex +2, Stealth+)
You are very clumsy. (Dex -4)
You occasionally shout uncontrollably at your foes.


Message History

You see here a +0 hand axe.
Items here: )) [[.
There is a stone staircase leading up here.
You fly upwards.
There is a stone staircase leading down here.
You see here a +0 rapier.
Things that are here:
a +0 leather armour; a +0 hand axe
Items here: " )) [[.
There is a stone staircase leading up here.
You fly upwards.
There is a stone staircase leading down here.
There is a stone staircase leading up, spattered with blood here.
You fly upwards.
There is a stone staircase leading down here.
A Nubiwkin, a sixfirhy and a hellion come into view.
You yell at Nubiwkin!
You see here a +0 dagger.
Press: ? - help, v - describe, . - travel
Here: Nubiwkin, armed with a distorting touch The floor.
Unknown command.
As you read the scroll of fog, it crumbles to dust.
The scroll dissolves into smoke.
The hellion moves out of view.
As you read the scroll of teleportation, it crumbles to dust.
You feel strangely unstable.
You feel the Orb delaying your translocation!
You feel yourself speed up.
The sixfirhy hits you but does no damage. x2
The sixfirhy attacks as you move away! You block the sixfirhy's attack.
There is a stone staircase leading down here.
The sixfirhy attacks as you move away! You block the sixfirhy's attack.
Your surroundings suddenly seem different.
Aiming: Dig
Press: ? - help, Shift-Dir - straight line, f - you Please select a direction to dig.
This square is covered in magical glow.
The rock shatters into small pieces.
There is a staircase leading out of the dungeon here.
You have escaped!

#.#####...### #)# #. #.######.##
#.# ## #........# #.# #..#..####
#.# ##### #..##.# #..# ##...##
###########.#######.#.###.....###
#.#.....#.#.#......##............
#.#.###.#.#.#.###..######.....###
#.#.#...#.#.#.#.@#.# ##...## #
#.#.#####.#.#.#.##.# ##..#
#.#.......#.#......# #..#
#.#######.#.#.######## #..# #
#..............).....## #..####
###.##############.#..#####......
#...#...g.gl...#.##....##.#####
#.#.#.########.#.#####.##.# #
#.#.#.lg.g...#.#.# #.##.#####


There were no monsters in sight!

Vanquished Creatures
  A dread lich (Zot:5)
  3 ancient liches
  7 orbs of fire
  The ghost of astronautguy the Petrodigitator, a master FoEE of Vehumet (Vaults:1)
  3 curse toes
  A caustic shrike (Depths:2)
  Parghit (Zot:4)
  6 Killer Klowns
  the Enchantress (Depths:3)
  Nikola (Vaults:3)
  5 golden dragons
  4 electric golems
  A Brimstone Fiend (Depths:4)
  Rupert (D:15)
  Jorgrun (Orc:1)
  16 tentacled monstrosities
  A walking earthen tome (Depths:2)
  2 liches
  Mlioglotl (Shoals:1)
  27 Orb Guardians
  A walking divine tome (Depths:4)
  7 quicksilver dragons
  2 krakens
  9 death cobs
  A titan (Vaults:5)
  6 sphinxes
  An Executioner (Zot:1)
  Kirke (Shoals:4)
  10 shadow dragons
  15 storm dragons
  Donald (Vaults:1)
  6 tengu reavers
  A frost giant (shapeshifter) (Vaults:5)
  8 frost giants
  3 emperor scorpions
  6 draconian monks
  20 vault wardens
  An iron dragon (Depths:4)
  8 fire giants
  9 draconian scorchers
  3 draconian knights
  An orc warlord (Orc:2)
  9 draconian shifters
  A cacodemon (D:9)
  8 ghost moths
  36 very ugly things
  4 draconian stormcallers
  5 spriggan defenders
  7 draconian annihilators
  12 stone giants
  4 war gargoyles
  21 ironbound preservers
  A broodmother (Spider:2)
  8 ironbound thunderhulks
  2 vampire knights (Depths:4)
  A lorocyproca (Depths:2)
  A deep elf demonologist (Vaults:5)
  12 black draconians
  11 green draconians
  3 demonspawn black suns (Zot:1)
  25 purple draconians
  8 yellow draconians
  8 red draconians
  2 deep elf annihilators
  14 spark wasps
  17 white draconians
  9 dire elephants
  9 entropy weavers
  A deep elf death mage (Vaults:4)
  9 statues (WizLab)
  6 merfolk javelineers
  10 ettins
  An ettin (shapeshifter) (Vaults:5)
  5 merfolk impalers
  A deep elf high priest (Depths:4)
  5 jiangshi
  7 fire dragons
  4 great orbs of eyes
  3 crystal guardians
  35 vault guards
  13 yaktaur captains
  8 boulder beetles
  4 rakshasas
  7 merfolk avatars
  4 ice dragons
  9 ironbound frosthearts
  3 peacekeepers
  2 catoblepae
  An ice dragon (shapeshifter) (D:13)
  4 jorogumos
  22 centaur warriors
  5 spriggan air magi
  7 hydras
  Erica (D:9)
  2 radroaches (Spider:4)
  2 alligator snapping turtles
  3 merfolk aquamancers (Shoals:4)
  4 two-headed ogres
  3 death knights
  10 death yaks
  4 tengu warriors
  2 satyrs
  5 deep troll earth magi
  3 hell hogs (Depths:3)
  3 vampire magi
  6 deep troll shamans
  3 spriggan berserkers
  A shock serpent (shapeshifter) (Vaults:5)
  Nergalle (D:10)
  8 hell knights
  3 sixfirhies
  9 pharaoh ants
  8 iron trolls
  2 shadow wraiths
  A spark wasp zombie (Depths:2)
  77 deep trolls
  21 sea snakes
  7 orb spiders
  3 sun moths
  3 steelbarb worms
  5 skeletal warriors
  A swamp dragon (Lair:5)
  An orange crystal statue (Vaults:3)
  6 flayed ghosts
  3 phantasmal warriors (Vaults:5)
  A swamp dragon (shapeshifter) (Vaults:5)
  2 glowing orange brains
  3 lindwurms
  10 wizards
  5 deep elf pyromancers
  An iron dragon zombie (Depths:2)
  6 orc knights
  19 ironbound convokers
  17 harpies
  9 necromancers
  55 ugly things
  20 manticores
  3 orc sorcerers (Orc:2)
  9 fauns
  23 wolf spiders
  4 elephants (D:10)
  4 cyclopes
  Maurice (D:10)
  23 moths of wrath
  2 tengu skeletons (Depths:2)
  5 merfolk sirens
  4 water nymphs
  23 vault sentinels
  5 black mambas
  An ice statue (IceCv)
  6 torpor snails
  2 apocalypse crabs (Zot:4)
  5 unseen horrors
  A gargoyle (D:12)
  11 cane toads
  9 demonic crawlers
  29 yaktaurs
  A kobold demonologist (D:9)
  2 ice devils
  8 rime drakes
  4 komodo dragons
  An anaconda simulacrum (IceCv)
  A red devil (D:6)
  An efreet (D:14)
  3 trolls (Orc:2)
  15 tengu conjurers (WizLab)
  2 merfolk (shapeshifter) (Depths:2)
  9 freezing wraiths
  A hellwing (Zot:5)
  6 meliai
  A queen bee (D:14)
  23 merfolk
  3 polar bears
  12 wind drakes
  21 blink frogs
  A slime creature (shapeshifter) (Vaults:5)
  30 tarantellas
  20 hornets
  4 dream sheep (Lair:5)
  An iron dragon simulacrum (Depths:2)
  10 snapping turtles
  19 slime creatures
  31 jumping spiders
  20 culicivoras
  18 water elementals
  A shadow (D:10)
  35 yaks
  3 hogs (Shoals:4)
  3 wyverns
  8 spriggans
  A vampire (D:10)
  A ynoxinul (Depths:2)
  2 wraiths (D:12)
  A yak (shapeshifter) (D:15)
  A dire elephant simulacrum (IceCv)
  8 steam dragons
  7 vampire mosquitoes
  5 basilisks
  4 death yak simulacra (IceCv)
  60 redbacks
  A basilisk (shapeshifter) (Vaults:5)
  Menkaure (D:7)
  4 wargs
  3 acid dragons
  2 swamp worms (shapeshifter) (Vaults:5)
  10 water moccasins
  6 black bears
  An ice beast (shapeshifter) (Vaults:5)
  31 orc warriors
  A swamp drake (Lair:5)
  2 sky beasts
  3 ice beasts
  A boggart (Vaults:1)
  A sky beast (shapeshifter) (D:15)
  7 ogres
  3 ettin simulacra (Depths:3)
  12 centaurs
  19 wolves
  A phantom (D:5)
  Blork the orc (D:5)
  9 bullfrogs
  2 gnoll sergeants
  3 kobold brigands
  A scorpion (shapeshifter) (Vaults:5)
  A necrophage (D:7)
  4 two-headed ogre simulacra (IceCv)
  2 cane toad simulacra (IceCv)
  4 scorpions
  4 wights (D:4)
  2 elephant simulacra (IceCv)
  32 killer bees
  4 electric eels
  A howler monkey (D:11)
  3 hounds
  7 jellies
  15 orc priests
  4 gnoll boudas
  Ijyb (D:5)
  28 orc wizards
  6 iguanas
  7 troll simulacra (IceCv)
  2 polar bear simulacra (IceCv)
  7 spriggan simulacra (IceCv)
  4 wolf simulacra (IceCv)
  Robin (D:3)
  20 gnolls
  6 adders
  3 naga simulacra (IceCv)
  6 white imps
  7 ufetubi
  5 worms
  A dart slug (D:2)
  80 orcs
  3 bats
  6 endoplasms
  6 giant cockroaches
  8 goblins
  8 hobgoblins
  3 jackals (D:3)
  2 quokkas
  5 ball pythons
  2 frilled lizards (D:1)
  9 kobolds
  8 rats
  9 tentacles
2016 creatures vanquished.

Vanquished Creatures (collateral kills)
  An ice dragon (Orc:2)
  2 merfolk aquamancers (Shoals:4)
  A death knight (D:14)
  2 two-headed ogres (D:14)
  2 deep troll shamans (Vaults:1)
  2 deep troll earth magi (Vaults:1)
  A skeletal warrior (D:14)
  3 orc knights
  A sea snake (Shoals:4)
  2 ugly things (D:14)
  A polar bear (Orc:2)
  A slime creature (Vaults:1)
  A yak (D:10)
  An ogre (Orc:1)
  An orc priest (Orc:1)
  3 orcs
  A plant (D:10)
26 creatures vanquished.

Vanquished Creatures (others)
  An orc warlord (Vaults:1)
  An entropy weaver (Vaults:2)
  An ettin (Orc:2)
  A merfolk aquamancer (Shoals:1)
  2 bog bodies (IceCv)
  A harpy (Shoals:4)
  2 ugly things
  A water nymph (Shoals:4)
  A wind drake (Shoals:2)
  A tarantella (Spider:1)
  2 slime creatures (Vaults:1)
  A yak (D:10)
  2 orc warriors
  A centaur (D:10)
  An orc wizard (D:8)
  A kobold (D:8)
  13 fungi
  130 plants
  46 tentacles
209 creatures vanquished.

Grand Total: 2251 creatures vanquished

Notes
Turn   | Place    | Note
-------+----------+-------------------------------------------
     0 | D:1      | Charly the Palentonga Venom Mage began the quest for the
                  | Orb.
     0 | D:1      | Reached XP level 1. HP: 13/13 MP: 3/3
   126 | D:1      | Reached skill level 1 in Fighting
   126 | D:1      | Reached XP level 2. HP: 23/23 MP: 1/5
   127 | D:1      | Reached skill level 2 in Fighting
   180 | D:1      | Learned a level 2 spell: Poisonous Vapours
  1418 | D:1      | Reached XP level 3. HP: 23/29 MP: 1/6
  1994 | D:2      | Found Mokhlaiga's General Store.
  2021 | D:2      | Reached XP level 4. HP: 36/36 MP: 0/7
  2095 | D:2      | Bought a scroll of identify for 28 gold pieces
  2187 | D:2      | Reached skill level 3 in Fighting
  2658 | D:2      | Bought a scroll of poison for 56 gold pieces
  2872 | D:3      | Found a faded altar of an unknown god.
  2955 | D:3      | Noticed Robin
  2974 | D:3      | Killed Robin
  2975 | D:3      | Reached skill level 1 in Throwing
  3141 | D:3      | Identified the amulet "Jeuma" {RegenMP Harm Rampage SInv}
  3146 | D:3      | Reached XP level 5. HP: 43/43 MP: 0/8
  4142 | D:4      | Reached skill level 4 in Fighting
  4301 | D:4      | Found a glowing golden altar of the Shining One.
  4324 | D:4      | Noticed an ogre
  4363 | D:4      | Killed an ogre
  4364 | D:4      | Reached XP level 6. HP: 53/53 MP: 6/9
  4595 | D:4      | Reached skill level 5 in Fighting
  4595 | D:4      | Reached skill level 1 in Evocations
  4595 | D:4      | Identified the +1 chain mail "Nygeq" {Dex+4 Stlth+}
  5248 | D:4      | Gained mutation: You curl defensively after being hit. (AC
                  | +7*) [Palentonga growth]
  5248 | D:4      | Reached XP level 7. HP: 59/59 MP: 0/10
  5922 | D:4      | Found a glowing golden altar of the Shining One.
  6199 | D:5      | Entered Level 5 of the Dungeon
  6508 | D:5      | Identified the +3 rapier of Awkwardness {spect, rPois Int+7
                  | Dex+2}
  6525 | D:5      | Reached skill level 5 in Evocations
  6626 | D:5      | Reached skill level 1 in Axes
  6904 | D:5      | Noticed Blork the orc
  7060 | D:5      | Reached XP level 8. HP: 62/67 MP: 6/11
  7382 | D:5      | Reached skill level 6 in Fighting
  7575 | D:5      | Noticed Ijyb
  7589 | D:5      | Killed Ijyb
  7598 | D:5      | Reached skill level 5 in Axes
  7875 | D:5      | Killed Blork the orc
  8154 | D:6      | Found an ornate altar of the Wu Jian Council.
  8524 | D:6      | Reached XP level 9. HP: 70/75 MP: 12/12
  8810 | D:6      | Reached skill level 7 in Fighting
  9119 | D:6      | Found Jeong's Fire Supplies.
  9200 | D:6      | Found an ornate altar of the Wu Jian Council.
  9463 | D:6      | Found Jeong's Fire Supplies.
  9790 | D:7      | Got the Quarto of Coordinates and Vitiation
  9807 | D:7      | Found a staircase to the Ecumenical Temple.
  9839 | Temple   | Entered the Ecumenical Temple
  9956 | D:7      | Noticed an unseen horror
  9969 | D:7      | Killed an unseen horror
 10211 | D:7      | Noticed Menkaure
 10220 | D:7      | Killed Menkaure
 10221 | D:7      | Reached skill level 8 in Fighting
 10474 | D:7      | Identified the +2 pair of gloves of the Gate {rC+++ Will-
                  | Str+2}
 10611 | D:7      | Found a stormy altar of Qazlal.
 11090 | D:7      | Found a runed translucent door.
 11091 | D:7      | Noticed Crazy Yiuf
 11167 | Temple   | Became a worshipper of Uskayaw the Reveller
 11378 | D:8      | Reached * piety under Uskayaw
 11383 | D:8      | Reached ** piety under Uskayaw
 11393 | D:8      | Reached XP level 10. HP: 73/87 MP: 13/13
 11394 | D:8      | Reached *** piety under Uskayaw
 11400 | D:8      | Reached **** piety under Uskayaw
 11410 | D:8      | Reached skill level 9 in Fighting
 11669 | D:8      | Reached skill level 1 in Invocations
 12070 | D:8      | Noticed a two-headed ogre
 12094 | D:8      | Killed a two-headed ogre
 12502 | D:8      | Found Konea's Tremendous Tomes.
 12759 | D:9      | Got Roipurphe's Codex of the Hierophant
 12890 | D:9      | Found the amulet of Elemental Vulnerability {rPois rF--
                  | rC-- AC+8}
 13089 | D:9      | Reached skill level 10 in Fighting
 13216 | D:9      | Noticed a soul eater
 13259 | D:9      | Identified the +6 great mace "Uwnaetwaoh" {flame, rF++
                  | Str+8 Dex-5}
 13264 | D:9      | Found an ancient bone altar of Kikubaaqudgha.
 13427 | D:9      | Noticed Erica
 13433 | D:10     | Entered Level 10 of the Dungeon
 13496 | D:10     | Noticed Maurice
 13502 | D:10     | Reached skill level 5 in Invocations
 13502 | D:10     | Reached XP level 11. HP: 97/97 MP: 14/14
 13510 | D:10     | Killed Maurice
 13598 | D:10     | Found a staircase to the Lair.
 13617 | D:10     | Found an iron altar of Okawaru.
 14272 | D:10     | Found a burning altar of Makhleb.
 14296 | D:10     | Reached skill level 11 in Fighting
 14593 | D:10     | Reached ***** piety under Uskayaw
 14860 | D:10     | Noticed Nergalle
 15011 | D:10     | Killed Nergalle
 15097 | D:10     | Found Cuennij's Assorted Antiques.
 15249 | D:10     | Bought a smoking lapis lazuli ring for 130 gold pieces
 15249 | D:10     | Identified the ring "Ofimo" {rN+ Str+4} (You bought it in a
                  | shop on level 10 of the Dungeon)
 15249 | D:10     | Bought a green potion for 23 gold pieces
 15249 | D:10     | Bought a runed ring mail for 182 gold pieces
 15643 | D:9      | Killed Erica
 15928 | Lair:1   | Entered Level 1 of the Lair of Beasts
 16110 | Lair:1   | Reached skill level 12 in Fighting
 16512 | Lair:1   | Reached XP level 12. HP: 80/109 MP: 18/18
 16783 | Lair:1   | Noticed a death yak
 16783 | Lair:1   | Noticed a death yak
 16783 | Lair:1   | Noticed a death yak
 16783 | Lair:1   | Noticed a death yak
 16783 | Lair:1   | Noticed a death yak
 16786 | Lair:1   | Noticed a death yak
 16791 | Lair:1   | Killed a death yak
 16791 | Lair:1   | Killed a death yak
 16791 | Lair:1   | Killed a death yak
 16791 | Lair:1   | Killed a death yak
 16792 | Lair:1   | Killed a death yak
 16802 | Lair:1   | Killed a death yak
 17252 | Lair:1   | Reached skill level 10 in Invocations
 17262 | Lair:1   | Reached ****** piety under Uskayaw
 17575 | Lair:2   | Identified the +2 plate armour of Enilopn {rC+ Regen+
                  | Slay+3}
 17681 | Lair:2   | Found a hole to the Spider Nest.
 17728 | Lair:2   | Found a staircase to the Shoals.
 17739 | Lair:2   | Noticed a six-headed hydra
 17746 | Lair:2   | Noticed a four-headed hydra
 17747 | Lair:2   | Killed a six-headed hydra
 17754 | Lair:2   | Killed a four-headed hydra
 17755 | Lair:2   | Reached skill level 1 in Armour
 17925 | Lair:2   | Reached skill level 13 in Fighting
 18018 | Lair:2   | Identified the +5 quarterstaff "Ykkuki" {vorpal, Contam
                  | rPois rF++}
 18106 | Lair:2   | Reached skill level 10 in Axes
 18660 | Lair:3   | Noticed a death yak
 18686 | Lair:3   | Killed a death yak
 18720 | Lair:3   | Reached skill level 1 in Shields
 18722 | Lair:3   | Reached XP level 13. HP: 101/118 MP: 19/21
 19034 | Lair:3   | Found a shimmering blue altar of Sif Muna.
 19080 | Lair:3   | Found a blossoming altar of Fedhas.
 19462 | Lair:4   | Identified the +1 halberd "Otzas" {antimagic, rC- Will+++
                  | Dex+3 Stlth+}
 19718 | Lair:4   | Found a viscous altar of Jiyva.
 19719 | Lair:4   | Found a staircase to the Slime Pits.
 20297 | Lair:5   | Entered Level 5 of the Lair of Beasts
 21386 | Lair:5   | Noticed a fire dragon
 21395 | Lair:5   | Killed a fire dragon
 21689 | Lair:5   | Identified the +2 robe "Queng" {Rampage rPois}
 21936 | D:10     | Identified a scroll of acquirement
 21936 | D:10     | Acquired a +0 barding of flying
 22273 | D:11     | Found a radiant altar of Vehumet.
 22400 | D:11     | Reached skill level 14 in Fighting
 22526 | D:11     | Reached XP level 14. HP: 124/128 MP: 22/22
 22583 | D:11     | Found a staircase to the Orcish Mines.
 23277 | D:12     | Reached skill level 5 in Armour
 23624 | D:13     | Reached skill level 5 in Shields
 24780 | D:14     | Found a gate to the Vaults.
 24983 | D:14     | Found an ornate altar of the Wu Jian Council.
 25090 | D:15     | Entered Level 15 of the Dungeon
 25312 | D:15     | Found a staircase to the Depths.
 25657 | D:15     | Found Ziulagog's Antique Armour Shoppe.
 25713 | D:15     | Reached XP level 15. HP: 135/135 MP: 24/24
 25946 | D:15     | Noticed Rupert
 25961 | D:15     | Killed Rupert
 26249 | Orc:1    | Entered Level 1 of the Orcish Mines
 26349 | Orc:1    | Noticed Jorgrun
 26389 | Orc:1    | Killed Jorgrun
 26542 | Orc:1    | Found a runed translucent door.
 27006 | Orc:2    | Entered Level 2 of the Orcish Mines
 27041 | Orc:2    | Found a frozen archway.
 27061 | Orc:2    | Paralysed by an orc sorcerer for 3 turns
 27113 | IceCv    | Entered an ice cave
 27822 | Orc:2    | Found a staircase to the Elven Halls.
 27954 | Orc:2    | Found Exaic's Antique Weapon Emporium.
 28091 | Orc:2    | Found Urruleh's Antique Weapon Shoppe.
 28096 | Orc:2    | Found Aluxeukk's Antique Armour Emporium.
 28118 | Orc:2    | Noticed an orc warlord
 28136 | Orc:2    | Killed an orc warlord
 28467 | Orc:2    | Found Irarhooc's Book Emporium.
 28761 | Shoals:1 | Entered Level 1 of the Shoals
 28852 | Shoals:1 | Noticed Mlioglotl
 28867 | Shoals:1 | Noticed a tentacled starspawn
 28869 | Shoals:1 | Killed Mlioglotl
 28872 | Shoals:1 | Noticed Louise
 29381 | Shoals:1 | Found Geeqotemn's Gadget Gallery.
 29493 | Shoals:1 | Reached skill level 15 in Axes
 30185 | Shoals:2 | Reached XP level 16. HP: 143/143 MP: 26/26
 30943 | Shoals:3 | Noticed a kraken
 31515 | Shoals:3 | Killed a kraken
 31868 | Shoals:4 | Entered Level 4 of the Shoals
 32227 | Shoals:4 | Noticed Kirke
 32241 | Shoals:4 | Killed Kirke
 32278 | Shoals:4 | Reached skill level 10 in Shields
 32502 | Shoals:4 | Identified the +7 falchion of Bloody Death {holy, rN+ MP+9}
 32723 | Shoals:4 | Found Issin's Book Boutique.
 33042 | Shoals:4 | Noticed a kraken
 33274 | Shoals:4 | Reached XP level 17. HP: 93/149 MP: 27/27
 33472 | Shoals:4 | Killed a kraken
 33518 | Shoals:4 | Got a barnacled rune of Zot
 33803 | Shoals:4 | Found Issin's Book Boutique.
 34770 | Shoals:4 | Found Issin's Book Boutique.
 35437 | Spider:1 | Entered Level 1 of the Spider Nest
 36445 | Lair:2   | Found a staircase to the Shoals.
 36744 | Lair:2   | Reached skill level 15 in Fighting
 41170 | Spider:4 | Entered Level 4 of the Spider Nest
 41831 | Spider:4 | Reached XP level 18. HP: 161/161 MP: 27/29
 42290 | Spider:4 | Reached skill level 16 in Fighting
 42992 | Spider:4 | Got a gossamer rune of Zot
 43191 | Spider:4 | Reached skill level 15 in Invocations
 43703 | Vaults:1 | Entered Level 1 of the Vaults
 44589 | Vaults:1 | You are sucked into a shaft and drop 1 floor!
 45001 | Vaults:1 | Identified the +0 scale mail "Jirepami" {rElec rCorr Dex-2}
 45205 | Vaults:1 | Identified the +3 ring mail of the Old and Reckless {rElec
                  | rC+ rN+}
 45209 | Vaults:1 | Noticed Donald
 45294 | Vaults:1 | Paralysed by a great orb of eyes for 5 turns
 45338 | Vaults:1 | Reached XP level 19. HP: 153/170 MP: 31/31
 45356 | Vaults:1 | Reached skill level 17 in Fighting
 45358 | Vaults:1 | Reached skill level 10 in Armour
 45515 | Vaults:1 | Found a runed translucent gate.
 45516 | Vaults:1 | Found a runed translucent gate.
 45518 | Vaults:1 | Found a runed translucent gate.
 45518 | Vaults:1 | Noticed astronautguy's ghost (master FoEE)
 45707 | Vaults:1 | Killed Donald
 45840 | Vaults:1 | Paralysed by a great orb of eyes for 3 turns
 45867 | Vaults:1 | Acquired the +9 broad axe "Spiderbane" {flame, rElec}
 46457 | Vaults:2 | Found Bed Ehouh's Antique Weapon Boutique.
 47095 | Vaults:2 | Found Myaxzil's Weapon Boutique.
 47785 | Orc:2    | Bought a smoking crystal plate armour for 2635 gold pieces
 47785 | Orc:2    | Identified the +7 crystal plate armour of the Slightly Bent
                  | {rElec Stlth+} (You bought it in a shop on level 2 of the
                  | Orcish Mines)
 48751 | Vaults:3 | Found a staircase to the Crypt.
 49162 | Vaults:3 | Reached skill level 18 in Fighting
 49162 | Vaults:3 | Reached XP level 20. HP: 178/181 MP: 32/32
 49687 | Vaults:3 | Reached skill level 15 in Shields
 49721 | Vaults:3 | Noticed Nikola
 49735 | Vaults:3 | Killed Nikola
 50526 | Vaults:4 | Identified the +11 giant spiked club of Blood {vorpal,
                  | rElec rC- rN+}
 52379 | Vaults:1 | Killed astronautguy's ghost
 52513 | Vaults:1 | Identified the +1 pair of boots "Rethamidd" {-Cast Rampage
                  | Regen+ rCorr Int-2}
 52577 | Depths:1 | Entered Level 1 of the Depths
 52932 | Depths:1 | Found a gateway to Hell.
 53025 | Depths:1 | Reached XP level 21. HP: 130/191 MP: 34/34
 53192 | Depths:1 | Found a one-way gate to the infinite horrors of the Abyss.
 53201 | Depths:1 | Reached skill level 19 in Fighting
 54306 | Depths:2 | Found a one-way gate leading to the halls of Pandemonium.
 55552 | Depths:2 | Noticed a golden dragon
 55557 | Depths:2 | Noticed a golden dragon
 55559 | Depths:2 | Killed a golden dragon
 56549 | Depths:2 | Noticed a caustic shrike
 56562 | Depths:2 | Killed a caustic shrike
 57682 | Depths:3 | Noticed the Enchantress
 57730 | Depths:3 | Reached XP level 22. HP: 121/200 MP: 35/35
 58174 | Depths:3 | Killed the Enchantress
 58269 | Depths:3 | Found Ysuawy's Island Escapes.
 58277 | Depths:3 | Bought a scroll of blinking for 127 gold pieces
 58277 | Depths:3 | Bought a scroll of blinking for 127 gold pieces
 58277 | Depths:3 | Bought a scroll of teleportation for 51 gold pieces
 58277 | Depths:3 | Bought a wand of digging (6) for 428 gold pieces
 58809 | Depths:4 | Entered Level 4 of the Depths
 58809 | Depths:4 | Noticed Margery
 59041 | Depths:4 | Identified the +11 chain mail of the Moon {rPois Dex+3}
 59061 | Depths:4 | Found a magical portal.
 59082 | WizLab   | Entered Iskenderun's Mystic Tower
 59319 | WizLab   | Reached skill level 20 in Fighting
 61218 | WizLab   | Got Iskenderun's Guidebook on Blasting
 61218 | WizLab   | Got Iskenderun's Spellbook of Attacks
 61267 | WizLab   | Got the Compilation of Variable Sinister Mysteries
 61329 | Depths:4 | Found a one-way gateway to a ziggurat.
 61544 | Depths:4 | Found a gate to the Realm of Zot.
 61544 | Depths:4 | Noticed a golden dragon
 61569 | Depths:4 | Killed a golden dragon
 62963 | Depths:4 | Reached skill level 5 in Dodging
 62963 | Depths:4 | Reached XP level 23. HP: 209/209 MP: 37/37
 63242 | Vaults:5 | Entered Level 5 of the Vaults
 63294 | Vaults:5 | Noticed an ancient lich
 63301 | Vaults:5 | Killed an ancient lich
 63674 | Vaults:5 | Identified the +3 steam dragon scales "Sigrauzo" {rElec
                  | rCorr Str+3}
 63677 | Vaults:5 | Identified the +6 battleaxe "Xoijooto" {flame, *Corrode
                  | Int+8 Dex+3 Stlth+}
 63691 | Vaults:5 | Got Sif Muna's Folio of Blasting
 64131 | Vaults:5 | Reached XP level 24. HP: 207/207 MP: 37/37
 64166 | Vaults:5 | Identified the ring of Neurosis {rC+ Str+2 Slay+2}
 64263 | Vaults:5 | Identified the +1 buckler "Iptoloush" {Str+4 Dex+7}
 64387 | Vaults:5 | Identified the +2 battleaxe of Subjectivity {antimagic,
                  | Int+3}
 64849 | Vaults:5 | Identified the ring "Ponuxid" {rF+ Str+6}
 65014 | Vaults:5 | Got a silver rune of Zot
 65071 | Vaults:5 | Reached skill level 21 in Fighting
 65666 | Vaults:5 | Reached skill level 15 in Armour
 65764 | Vaults:5 | Got the Codex of Malediction and Confrontation
 65966 | Vaults:5 | Found Veoxtunk's Magic Scroll Shop.
 65970 | Vaults:5 | Bought a scroll of teleportation for 66 gold pieces
 65970 | Vaults:5 | Bought a scroll of teleportation for 66 gold pieces
 65970 | Vaults:5 | Identified the +1 leather armour "Razxay" {Int+2 Dex+3}
 66491 | Zot:1    | Entered Level 1 of the Realm of Zot
 66617 | Zot:1    | Noticed an orb of fire
 66629 | Zot:1    | Killed an orb of fire
 66651 | Zot:1    | Identified the +1 spear "Nuezxifa" {drain, *Corrode rF-
                  | rN+++ Str+8}
 66665 | Zot:1    | Got Sif Muna's Parchment of The Black Sun
 67019 | Zot:1    | Noticed an orb of fire
 67021 | Zot:1    | Killed an orb of fire
 69840 | Zot:3    | Found a transporter.
 69850 | Zot:3    | Found a transporter.
 69853 | Zot:3    | Found a transporter.
 70148 | Zot:3    | Reached XP level 25. HP: 160/231 MP: 37/37
 71296 | Zot:3    | Found a transporter.
 71511 | Zot:3    | Noticed a Killer Klown
 71517 | Zot:3    | Killed a Killer Klown
 71669 | Zot:4    | Noticed an orb of fire
 71671 | Zot:4    | Reached skill level 22 in Fighting
 71675 | Zot:4    | Killed an orb of fire
 72173 | Zot:4    | Noticed Parghit
 72190 | Zot:4    | Killed Parghit
 73828 | Zot:4    | Reached skill level 10 in Dodging
 73941 | Zot:5    | Entered Level 5 of the Realm of Zot
 75602 | Zot:5    | Noticed a Killer Klown
 75612 | Zot:5    | Killed a Killer Klown
 76155 | Zot:5    | Noticed an ancient lich
 76171 | Zot:5    | Killed an ancient lich
 76834 | Zot:5    | Noticed a Killer Klown
 76841 | Zot:5    | Killed a Killer Klown
 76845 | Zot:5    | Noticed an ancient lich
 76869 | Zot:5    | Killed an ancient lich
 77464 | Zot:5    | Noticed an orb of fire
 77476 | Zot:5    | Gained mutation: You are clumsy. (Dex -2) [an orb of fire]
 77477 | Zot:5    | Killed an orb of fire
 77593 | Zot:5    | Noticed a dread lich
 77608 | Zot:5    | Killed a dread lich
 78031 | Zot:5    | Noticed a Killer Klown
 78043 | Zot:5    | Killed a Killer Klown
 79372 | Zot:5    | Noticed a Killer Klown
 79379 | Zot:5    | Killed a Killer Klown
 79506 | Zot:5    | Noticed a Killer Klown
 79513 | Zot:5    | Killed a Killer Klown
 82031 | Zot:5    | Reached XP level 26. HP: 242/242 MP: 37/37
 82663 | Zot:5    | Noticed an orb of fire
 82667 | Zot:5    | Noticed an orb of fire
 82670 | Zot:5    | Gained mutation: You occasionally shout uncontrollably at
                  | your foes. [an orb of fire]
 82671 | Zot:5    | Gained mutation: You are frail. (-10% HP) [an orb of fire]
 82677 | Zot:5    | Gained mutation: You occasionally lose the ability to read
                  | scrolls when taking damage. [an orb of fire]
 82678 | Zot:5    | Killed an orb of fire
 82682 | Zot:5    | Killed an orb of fire
 82740 | Zot:5    | Reached skill level 23 in Fighting
 82860 | Zot:5    | Lost mutation: You are frail. (-10% HP) [potion of
                  | mutation]
 82860 | Zot:5    | Lost mutation: You occasionally lose the ability to read
                  | scrolls when taking damage. [potion of mutation]
 82860 | Zot:5    | Lost mutation: You occasionally shout uncontrollably at
                  | your foes. [potion of mutation]
 82860 | Zot:5    | Gained mutation: You have a somewhat thin skeletal
                  | structure. (Dex +2, Stealth+) [potion of mutation]
 82860 | Zot:5    | Gained mutation: You have hidden genetic defects. [potion
                  | of mutation]
 82860 | Zot:5    | Lost mutation: You have hidden genetic defects. [potion of
                  | mutation]
 86366 | Zot:5    | Noticed an orb of fire
 86379 | Zot:5    | Killed an orb of fire
 87603 | Zot:5    | Got the Orb of Zot
 87849 | Depths:2 | Noticed Cugesuetz the pandemonium lord
 87854 | Depths:2 | Gained mutation: You occasionally shout uncontrollably at
                  | your foes. [a cacodemon]
 88011 | D:9      | Gained mutation: You are very clumsy. (Dex -4) [a
                  | cacodemon]
 88167 | D:1      | Noticed Nubiwkin the pandemonium lord
 88193 | D:$      | Escaped with the Orb!

Illustrated notes

Levels and vault maps discovered:
D:1:      matt_arrival_spirals, layout_loops_ring
D:2:      layout_rooms, serial_shops, nicolae_shop_hallway_stairs,
          chequers_serial_rivers_small_a
D:3:      layout_loops_ring, hellmonk_ecumenical_altar_slurped_away, hex_tiny,
          uniq_robin
D:4:      layout_basic, tso_oasis_becter
D:5:      layout_basic, uniq_ijyb, uniq_blork_the_orc
D:6:      layout_basic, kennysheep_mini, serial_curves, eino_curves_03,
          eino_curves_01, nicolae_shop_fire_sale [nicolae_sub_dead_trees],
          serial_park_tiny_pond, kennysheep_potato
D:7:      layout_basic, mainiacjoe_overflow_tiny_flanked,
          minmay_temple_entry_statues, uniq_menkaure, uniq_crazy_yiuf_cottage
D:8:      layout_rooms, kennysheep_cluttered_room,
          nicolae_shop_i_like_big_books, minmay_checkerbox
D:9:      layout_basic, lemuel_round_altar, hex_large,
          kennysheep_generic_room_14, uniq_erica
D:10:     wad_woods_tower, layout_loops_cross, old_standard_altar,
          overflow_temple_1_default, dpeg_oklobed_lair, serial_shops,
          shop_fountains, minmay_fractal_squares_diagonal_5, uniq_nergalle,
          uniq_maurice
D:11:     layout_long_grid, david_orc_2, vehumet_altar_wand_db
D:12:     layout_rooms
D:13:     layout_cave_pools
D:14:     layout_roguey [special_room_bee], david_vaults_1,
          nicolae_wu_jian_glorious_leap
D:15:     hangedman_depths_entry_civil_slaughter, layout_loops_ring,
          serial_shops, shop_statue, uniq_rupert
Temple:   nicolae_temple_x_marks_the_god
Lair:1:   layout_loops_ring, ldierk_geyser
Lair:2:   layout_long_grid, shoals_dummy_entry, spider_nest_entry_rubble
Lair:3:   layout_gridlike, basic_altar, tgw_fedhas
Lair:4:   layout_small_grid, nicolae_slime_entry_slimehenge, st_stairs_5,
          serial_bayou_shore_b, serial_bayou_shore_b
Lair:5:   guppyfry_lair_end_dragon, layout_cave_pods
Shoals:1: layout_shoals, nicolae_shoals_circle_sea_wall, nicolae_shop_gadgets,
          uniq_mlioglotl, uniq_louise
Shoals:2: layout_shoals, nicolae_shoals_drake_roost
Shoals:3: layout_shoals
Shoals:4: shoals_end_hangedman, layout_shoals, serial_shops, shop, uniq_kirke
Spider:1: layout_spider_delve, guppyfry_spider_mini_2
Spider:2: layout_spider_delve, hangedman_spider_tarantella_strand
Spider:3: layout_spider_delve, drop_trap, hive_lemuel
Spider:4: grunt_spider_rune_parallel
Orc:1:    layout_caves, lightli_church_of_beogh, uniq_jorgrun
Orc:2:    grunt_orc_community_town_hall, layout_caves,
          grunt_orc_community_big_house_1, grunt_orc_community_big_house_2,
          grunt_orc_community_house_2, grunt_orc_community_house_2,
          grunt_orc_community_house_2, grunt_orc_community_house_3,
          grunt_orc_community_house_3, grunt_orc_community_house_3,
          portal_ice_cave_entry_animals_and_master
Vaults:1: gammafunk_ghost_tricky_traps, nicolae_vaults_network_quincunx
          [nicolae_vaults_network_quincunx_subvault,
          nicolae_vaults_network_quincunx_subvault,
          nicolae_vaults_network_quincunx_subvault,
          nicolae_vaults_network_quincunx_subvault,
          nicolae_vaults_network_quincunx_subvault], vaults_mumra_hexcomb,
          ontoclasm_vaults_gallery, vaults_mumra_chevron, v_pattern_4,
          ontoclasm_vaults_eye, nicolae_vaults_network_periphery,
          nicolae_vaults_little_squares_6, vaults_mumra_chevron_long,
          nicolae_vaults_network_square, v_misc_22, layout_vaults_omnibox,
          uniq_donald
Vaults:2: ontoclasm_vaults_bender, v_misc_10, v_misc_4, ontoclasm_vaults_fault,
          nicolae_vaults_asterisk, v_rooms_4, hangedman_vaults_trim,
          dpeg_vaults_monster_box, ontoclasm_vaults_ligature,
          nicolae_vaults_little_squares_3, nicolae_vaults_rhombus_7, v_misc_1,
          layout_vaults_big_room, serial_shops, nicolae_shop_hallway_plus
Vaults:3: v_misc_1, hangedman_vaults_hat, nicolae_vaults_disjoint_gnomons,
          v_misc_12, hangedman_vaults_snaps, v_alt_pattern_3, v_misc_24,
          vaults_room_boxed, nicolae_vaults_statue_guard,
          blue_anna_dwarven_crypt, nicolae_vaults_angled_halls,
          nicolae_vaults_angled_halls, layout_vaults_maze, serial_shops,
          bzr_entry_islet, uniq_nikola
Vaults:4: nicolae_vaults_little_ls, ontoclasm_vaults_shuriken,
          nicolae_vaults_specimen_jars, ontoclasm_vaults_misaligned,
          nicolae_vaults_shelves_hall, hangedman_vaults_corner_blocks,
          grunt_vaults_twisty, hangedman_vaults_maws, v_misc_29,
          nicolae_vaults_theta, layout_vaults_quadrants
Vaults:5
Depths:1: layout_cave_pools, hell_entry, hangedman_abyss_entry_splay,
          kennysheep_generic_room_7
Depths:2: cell_vault, layout_basic, hell_entry, serial_sigils_hangedman_scratch,
          rand_demon_pan_entry_5, infiniplex_staircase_pool_1
Depths:3: hangedman_elemental_death_ray, layout_cave_shapes,
          minmay_misc_feat_secret_circle, abyss_entry, pf_hell_entry_great_geh,
          nicolae_island_escapes, uniq_enchantress
Depths:4: grunt_zot_entry_funnels, layout_gridlike, enter_ziggurat_f,
          chequers_serial_rivers_room_b, hell_entry, mu_enter_wizlab_4,
          uniq_margery
Zot:1:    dreamdust_black_sun_cult, layout_basic
Zot:2:    layout_cellular_growth, grunt_megastairs_1
Zot:3:    layout_concentric_octagons, nicolae_diode_intersection
Zot:4:    gammafunk_mikee_crab_dinner, layout_cathedral_of_symmetry,
          grunt_megastairs_5, uniq_parghit
Zot:5:    layout_gridlike, grunt_ministairs_7, st_stairs_5

Skill      XL: |  1  2  3  4  5  6  7  8  9 10 11 12 13 14 15 16 17 18 19 20 21 22 23 24 25 26 |
---------------+-------------------------------------------------------------------------------+-----
Fighting       | 1 2 3 4 5 6 8 10 12 13 14 15 16 18 19 20 21 22 23 | 23.2
Poison Magic   | 3 |  3.0
Throwing       | 1 2 |  2.0
Evocations     | 3 5 7 8 9 |  9.0
Axes           | 2 6 8 10 11 13 15 18 | 18.0
Invocations    | 5 9 10 11 12 13 14 16 17 18 19 20 | 20.0
Armour         | 2 4 6 8 9 11 12 13 14 15 16 17 | 17.3
Shields        | 1 4 6 8 10 12 13 14 15 16 17 18 19 20 | 20.3
Dodging        | 3 5 6 9 11 | 11.0
Stealth        | |  1.2
Spellcasting   | |  2.0
Transmutations | |  1.0

Action                   |  1- 3 |  4- 6 |  7- 9 | 10-12 | 13-15 | 16-18 | 19-21 | 22-24 | 25-27 || total
-------------------------+-------+-------+-------+-------+-------+-------+-------+-------+-------++-------
Melee: Unarmed           |     2 |       |       |       |       |       |       |       |       ||     2
       Dagger            |    21 |    18 |       |       |       |       |       |       |       ||    39
       Tailslap          |     2 |    11 |    30 |   106 |   274 |   323 |   307 |   308 |   161 ||  1522
       Spear             |       |    54 |   118 |       |       |       |       |       |       ||   172
       Punch             |       |     2 |     7 |     8 |       |       |       |       |       ||    17
       Rapier            |       |       |    99 |   416 |   189 |       |       |       |       ||   704
       War axe           |       |       |       |    82 |    90 |       |       |       |       ||   172
       Broad axe         |       |       |       |       |   989 |  1679 |  1229 |  1132 |   642 ||  5671
Throw: Dart              |    11 |     6 |       |     5 |    12 |       |       |       |       ||    34
       Boomerang         |     3 |    36 |     6 |       |       |       |       |       |       ||    45
       Javelin           |       |       |     2 |       |     1 |       |       |       |       ||     3
       Throwing net      |       |       |       |       |     3 |       |       |       |       ||     3
 Cast: Sting             |     6 |       |       |       |       |       |       |       |       ||     6
       Poisonous Vapours |    32 |    42 |    74 |     7 |       |       |       |       |       ||   155
Invok: Line Pass         |       |       |       |     1 |     1 |       |       |       |       ||     2
       Grand Finale      |       |       |       |     1 |     2 |     4 |     4 |     2 |     1 ||    14
       Stomp             |       |       |       |       |     3 |       |       |       |       ||     3
 Abil: Rolling Charge    |     2 |    14 |    36 |    67 |   151 |   192 |   100 |   117 |    99 ||   778
Evoke: Wand              |       |     4 |     4 |    10 |    40 |    69 |    10 |     3 |    15 ||   155
       Phial of floods   |       |       |       |       |     2 |     1 |       |     1 |       ||     4
       Condenser vane    |       |       |       |       |       |     1 |     5 |     3 |     1 ||    10
       Box of beasts     |       |       |       |       |       |       |       |       |     3 ||     3
       Phantom mirror    |       |       |       |       |       |       |       |       |     3 ||     3
  Use: Scroll            |     2 |     4 |     3 |     8 |    24 |    13 |     9 |    11 |    10 ||    84
       Potion            |       |       |     1 |     1 |     8 |    14 |       |     8 |    13 ||    45
 Stab: Sleeping          |     1 |       |       |       |       |       |       |       |       ||     1
       Distracted        |       |       |     2 |     7 |     4 |       |       |     2 |     1 ||    16
       Paralysed         |       |       |       |    44 |   132 |   283 |   252 |   184 |    87 ||   982
       Confused          |       |       |       |     1 |     1 |       |       |       |       ||     2
       Invisible         |       |       |       |       |     1 |    15 |       |     2 |       ||    18
Armor: Robe              |     9 |    24 |    60 |       |       |       |       |       |       ||    93
       Leather armour    |       |       |    55 |   218 |       |       |       |       |       ||   273
       Skin              |       |       |     1 |       |       |       |       |     2 |       ||     3
       Plate armour      |       |       |       |    61 |   807 |   544 |    77 |       |       ||  1489
       Scale mail        |       |       |       |       |       |   529 |       |       |       ||   529
       Crystal plate arm |       |       |       |       |       |       |   514 |    56 |       ||   570
       Chain mail        |       |       |       |       |       |       |       |   294 |    43 ||   337
       Gold dragon scale |       |       |       |       |       |       |       |       |   190 ||   190
Dodge: Dodged            |    14 |    30 |    99 |   283 |   156 |   141 |    28 |    86 |    60 ||   897
Block: Kite shield       |       |       |       |    16 |   445 |       |       |       |       ||   461
       Tower shield      |       |       |       |       |   286 |  1564 |   904 |   695 |   451 ||  3900
